 Dungeon Crawl Stone Soup version 0.25.0-11-g1f837a76a1 (console) character file.

Game seed: 13918594349291283330

514 bli the Insei (level 7, -6/52 HPs)
             Began as a White Draconian Transmuter on June 28, 2020.
             Was an Initiate of Wu Jian.
             Mangled by Purgy (7 damage)
             ... on level 4 of the Dungeon.
             The game lasted 00:21:14 (5018 turns).

bli the Insei (White Draconian Transmuter)          Turns: 5018, Time: 00:21:15

Health: -6/52      AC:  2    Str: 12    XL:     7   Next: 0%
Magic:  9/12       EV: 21    Int: 14    God:    Wu Jian [......]
Gold:   130        SH:  0    Dex: 18    Spells: 3/13 levels left

rFire    . . .     SeeInvis .     - Unarmed
rCold    . . .     Gourm    .   (shield currently unavailable)
rNeg     + . .     Faith    .   (armour unavailable)
rPois    x         Spirit   .   (helmet currently unavailable)
rElec    .         Reflect  .   (cloak currently unavailable)
rCorr    .         Harm     .   (gloves currently unavailable)
MR       .....                  (boots currently unavailable)
Stlth    ++........             i - amulet of inaccuracy (curse)
HPRegen  0.17/turn              h - ring of positive energy
MPRegen  0.13/turn              (no ring)

@: spider-form, berserk cooldown, slowed, very slow
A: tiny, (breathe frost), unfitting armour, AC +6
a: End Transformation, Renounce Religion


You were on level 4 of the Dungeon.
You worshipped Wu Jian.
Wu Jian was noncommittal.
You were hungry.
You were a venomous arachnid creature.
You visited 1 branch of the dungeon, and saw 5 of its levels.

You collected 226 gold pieces.
You spent 96 gold pieces at shops.

Inventory:

Hand Weapons
 l - a +1 whip of distortion
Missiles
 a - 13 arrows
 j - 9 poisoned darts (quivered)
 m - 54 stones
Jewellery
 h - a ring of positive energy (left front leg)
 i - a cursed amulet of inaccuracy (around neck)
Scrolls
 b - a scroll of enchant weapon
 e - 2 scrolls of identify
 f - a scroll of blinking {unknown}
 p - a scroll of fog {unknown}
Potions
 d - a potion of cancellation
 g - a potion of flight {unknown}
 k - a potion of stabbing {unknown}
 n - 4 potions of curing
 o - a potion of resistance {unknown}
 q - a potion of degeneration {unknown}
Comestibles
 c - 6 rations
 r - 3 chunks of flesh


   Skills:
 + Level 1.5 Fighting
 + Level 3.0 Dodging
 + Level 0.5 Stealth
 * Level 5.5 Unarmed Combat
 + Level 3.5 Spellcasting
 * Level 3.6 Transmutations
 - Level 1.0 Poison Magic


You had 3 spell levels left.
You knew the following spells:

 Your Spells              Type           Power        Failure   Level  Hunger
a - Beastly Appendage     Tmut           ##....       14%         1    None
b - Sticks to Snakes      Tmut           ##......     19%         2    ##.....
c - Ice Form              Ice/Tmut       #.......     85%         4    ####...
S - Spider Form           Tmut/Pois      #.........   45%         3    ###....

Your spell library contained the following spells:

 Spells                   Type           Power        Failure   Level  Hunger
 Blade Hands              Tmut           ##........   90%         5    ######.


Dungeon Overview and Level Annotations

Branches:
Dungeon (5/15)
 Temple: D:4-7

Altars:
Dithmenos
Elyvilon
Wu Jian
The Shining One

Shops:
D:4 !

Annotations:
D:3 2 transporters, IHuginn's ghost, weakling DsNe
D:4 Purgy


Innate Abilities, Weirdness & Mutations

((You can breathe waves of freezing cold.))
((You can buffet flying creatures when you breathe cold.))
((Your icy white scales are hard. (AC +6)))
You cannot fit into any form of body armour.
((Your flesh is cold resistant. (rC+)))
((You are cold-blooded and may be slowed by cold attacks.))


Message History

The orc wizard is almost dead.
Purgy shouts!
The hound barks!
The orc wizard gestures at you while chanting.
You resist with some effort.
Casting: Sticks to Snakes (safe; 7% risk of failure)
Confirm with . or Enter, or press ? or * to list all spells.
You turn into a venomous arachnid creature.
You are feeling hungry.
The hound misses you. Purgy closely misses you. Purgy claws you.
* * * LOW HITPOINT WARNING * * *
Purgy completely misses you.
The orc wizard hits you with a +0 dagger.
* * * LOW HITPOINT WARNING * * *
The hound bites you but does no damage. Purgy closely misses you.
Purgy completely misses you. Purgy misses you.
The orc wizard gestures wildly while chanting.
The orc wizard seems to speed up.
The hound bites you.
* * * LOW HITPOINT WARNING * * *
Purgy bites you!
You die...

# ##.#.####.# #...# #...# #
#########.# ##..###...### ......#
#.# #..........§ #####.# #.# #.
#........... # #.# #.# #.
#........... ## #.###.# #.
#..###...### .# #.##..## #.# #..#
#...# # .# #.....(# #.#
#o.###...### .#
##......###.#######........... .#
#.......#...#.(.##............
.###.#.....#.#..sh.#o............
.##..(........##T..#....###...###
.##.####.####...o.#)....# #...# #
....##.....##..(.)..#...###...###
....#.......#..#..#.##...........
.#..#.......#..#.....÷...........
.#......_...........##...........
.##.#.......#....##.##..###...###
.##.#.....(.#....##.##..# #...# #
.##.##.....##....##.##..###...###
.##.####.####....##.##...........


You could see Purgy, a hound and an orc wizard (fast).

Vanquished Creatures
  A water moccasin (D:3)
  A howler monkey (D:4)
  A bullfrog skeleton (D:4)
  A hound (D:5)
  A centaur skeleton (D:5)
  2 worker ants
  4 orc wizards
  A hound skeleton (D:4)
  4 gnolls
  3 adders
  A worm (D:2)
  4 dart slugs
  4 leopard geckos
  11 orcs
  A ball python (D:4)
  7 bats
  6 giant cockroaches
  3 hobgoblins
  11 jackals
  4 quokkas
  4 frilled lizards
  11 goblins
  8 kobolds
  A quokka skeleton (D:5)
  10 rats
105 creatures vanquished.

Vanquished Creatures (collateral kills)
  An adder (D:2)
1 creature vanquished.

Grand Total: 106 creatures vanquished

Notes
Turn   | Place    | Note
-------+----------+-------------------------------------------
     0 | D:1      | bli the Draconian Transmuter began the quest for the Orb.
     0 | D:1      | Reached XP level 1. HP: 16/16 MP: 3/3
   255 | D:1      | Reached XP level 2. HP: 22/23 MP: 3/5
  1040 | D:1      | Reached skill level 4 in Unarmed Combat
  1047 | D:1      | Learned a level 2 spell: Sticks to Snakes
  1178 | D:2      | Found a white marble altar of Elyvilon.
  1189 | D:2      | Reached XP level 3. HP: 27/28 MP: 4/6
  1340 | D:2      | Learned a level 3 spell: Spider Form
  1663 | D:2      | Found a glowing golden altar of the Shining One.
  1834 | D:2      | Reached XP level 4. HP: 31/35 MP: 1/7
  2306 | D:3      | Noticed a water moccasin
  2333 | D:3      | Killed a water moccasin
  2333 | D:3      | Reached XP level 5. HP: 6/40 MP: 0/9
  2677 | D:3      | Found a shadowy altar of Dithmenos.
  2743 | D:3      | Found a transporter.
  2744 | D:3      | Noticed an ogre
  2744 | D:3      | Noticed an ogre
  2745 | D:3      | Noticed IHuginn's ghost (weakling DsNe)
  2746 | D:3      | Found a transporter.
  3915 | D:3      | Reached skill level 5 in Unarmed Combat
  3915 | D:3      | Reached XP level 6. HP: 36/47 MP: 10/10
  4013 | D:4      | Noticed Purgy
  4063 | D:5      | Entered Level 5 of the Dungeon
  4683 | D:5      | Learned a level 4 spell: Ice Form
  4733 | D:4      | Reached skill level 1 in Poison Magic
  4750 | D:4      | Found Tuciere's Distillery.
  4766 | D:4      | Bought a potion of curing for 36 gold pieces
  4766 | D:4      | Bought a potion of berserk rage for 60 gold pieces
  4849 | D:4      | Found an ornate altar of the Wu Jian Council.
  4883 | D:4      | Became a worshipper of the Wu Jian Council
  5010 | D:4      | Your scales start taking on an icy white colour.
  5010 | D:4      | Reached XP level 7. HP: 7/52 MP: 12/12
  5010 | D:4      | Gained mutation: Your flesh is cold resistant. (rC+) [White
                  | Draconian growth]
  5018 | D:4      | HP: 1/52 [hound (2)]
  5018 | D:4      | Mangled by Purgy

Illustrated notes

Levels and vault maps discovered:
D:1:      dpeg_arrival_tiny_a, layout_loops_corners
D:2:      minmay_general_purpose_star, layout_basic, marbit_many_paths,
          elyvilon_altar_4, first_ration
D:3:      corexii_shack_village, layout_basic, lemuel_coloured_pillars_altar,
          gammafunk_ghost_smash
D:4:      layout_loops_ring, old_standard_altar, serial_shops, shop,
          kennysheep_boxes, uniq_purgy
D:5:      layout_cave_pods

Skill      XL: |  1  2  3  4  5  6 |
---------------+-------------------+-----
Unarmed Combat | 4 5 |  5.5
Dodging        | 2 3 |  3.0
Spellcasting   | 3 |  3.5
Transmutations | 3 |  3.6
Poison Magic   | 1 |  1.0
Fighting       | |  1.5
Stealth        | |  0.5

Action                   |  1- 3 |  4- 6 |  7- 9 || total
-------------------------+-------+-------+-------++-------
Melee: Unarmed           |   112 |   283 |     2 ||   397
       Headbutt          |    11 |    15 |       ||    26
       Tailslap          |    12 |    22 |       ||    34
       Kick              |     2 |    11 |       ||    13
       Punch             |     2 |     4 |       ||     6
Throw: Dart              |       |    18 |     3 ||    21
 Cast: Beastly Appendage |    26 |    35 |       ||    61
       Sticks to Snakes  |     2 |    16 |       ||    18
       Spider Form       |       |       |     1 ||     1
Invok: Lunge             |       |     2 |       ||     2
  Use: Scroll            |       |     2 |       ||     2
       Potion            |       |     4 |       ||     4
 Stab: Distracted        |       |     1 |       ||     1
       Sleeping          |       |     1 |       ||     1
  Eat: Chunk             |     4 |    11 |       ||    15
Armor: Skin              |    38 |    93 |     2 ||   133
Dodge: Dodged            |    71 |   215 |     8 ||   294
